[Event "Marienbad IM-I 2022"]
[Site "Marianske Lazne"]
[Date "2022.01.15"]
[Round "1.12"]
[White "Ricken, Katharina"]
[Black "Bracker, Arne"]
[Result "0-1"]
[ECO "A05"]
[WhiteElo "2004"]
[BlackElo "2268"]
[Annotator "ChessBase"]
[PlyCount "74"]
[EventDate "2022.01.15"]
[EventType "tourn"]
[EventCountry "CZE"]
[SourceTitle "playchess.com"]
[Source "ChessBase"]
[SourceQuality "1"]
[TimeControl "40/5400+30:1800+30"]

1. Nf3 Nf6 2. g3 g6 3. b3 Bg7 4. Bb2 d6 5. d4 c5 6. c4 Ne4 7. Nbd2 Qa5 8. e3 Nc6 9. Qc1 Bg4 10. Bg2 O-O 11. h3 Bxf3 12. Bxf3 Nxd2 13. Qxd2 Qxd2+ 14. Kxd2 cxd4 15. exd4 Nxd4 16. Bxb7 Rab8 17. Bg2 Nxb3+ 18. axb3 Bxb2 19. Rxa7 e6 20. Rd7 Rxb3 21. Rxd6 Rc8 22. Rc6 Rcb8 23. Rd1 Bd4 24. Ke1 e5 25. Rf6 Kg7 26. Rf3 Rb2 27. Rd2 Rb1+ 28. Rd1 e4 29. Ra3 Bxf2+ 30. Ke2 R8b2+ 31. Rd2 Rxd2+ 32. Kxd2 f5 33. g4 Rg1 34. Bf1 Rxf1 35. Ke2 Bc5 36. Ra5 Rf2+ 37. Ke1 Bb4+ 0-1

[Event "Marienbad IM-I 2022"]
[Site "Marianske Lazne"]
[Date "2022.01.15"]
[Round "1.13"]
[White "Plischki, Sebastian"]
[Black "Mantovani, Renzo"]
[Result "1-0"]
[ECO "D31"]
[WhiteElo "2375"]
[BlackElo "2272"]
[Annotator "ChessBase"]
[PlyCount "69"]
[EventDate "2022.01.15"]
[EventType "tourn"]
[EventCountry "CZE"]
[SourceTitle "playchess.com"]
[Source "ChessBase"]
[SourceQuality "1"]
[TimeControl "40/5400+30:1800+30"]

1. d4 d5 2. c4 e6 3. Nc3 a6 4. cxd5 exd5 5. Nf3 c6 6. Qc2 Bd6 7. e4 dxe4 8. Nxe4 Bb4+ 9. Nc3 Nf6 10. Bc4 O-O 11. O-O Bg4 12. Qb3 Bxc3 13. bxc3 Bxf3 14. Qxb7 Bd5 15. Bxd5 Nxd5 16. Qxa8 Qb6 17. c4 Nc7 18. c5 Qb4 19. Qa7 Nb5 20. Qb7 Qxd4 21. Be3 Qd7 22. Qxd7 Nxd7 23. Rfd1 Nf6 24. a4 Nc3 25. Rd6 Rc8 26. Rd3 Ncd5 27. Rb1 h6 28. g3 Re8 29. Kf1 Re4 30. Bd4 a5 31. f3 Re8 32. Bxf6 gxf6 33. Kf2 Re5 34. Rb7 Kg7 35. Ra7 1-0

[Event "Marienbad IM-I 2022"]
[Site "Marianske Lazne"]
[Date "2022.01.15"]
[Round "1.14"]
[White "Redzisz, Michal"]
[Black "Jurek, Josef"]
[Result "1/2-1/2"]
[ECO "A05"]
[WhiteElo "2261"]
[BlackElo "2207"]
[Annotator "ChessBase"]
[PlyCount "28"]
[EventDate "2022.01.15"]
[EventType "tourn"]
[EventCountry "CZE"]
[SourceTitle "playchess.com"]
[Source "ChessBase"]
[SourceQuality "1"]
[TimeControl "40/5400+30:1800+30"]

1. Nf3 Nf6 2. d4 e6 3. g3 c5 4. Bg2 cxd4 5. Nxd4 d5 6. O-O e5 7. Nb3 Be6 8. Bg5 Nbd7 9. e4 dxe4 10. Nc3 Be7 11. Nxe4 Nxe4 12. Bxe7 Qxe7 13. Bxe4 Nf6 14. Bg2 O-O 1/2-1/2

[Event "Marienbad IM-I 2022"]
[Site "Marianske Lazne"]
[Date "2022.01.18"]
[Round "5.11"]
[White "Plischki, Sebastian"]
[Black "Matras, Ondrej"]
[Result "1-0"]
[ECO "E73"]
[WhiteElo "2375"]
[BlackElo "2223"]
[Annotator "RC"]
[PlyCount "65"]
[EventDate "2022.01.15"]
[EventType "tourn"]
[EventCountry "CZE"]
[SourceTitle "playchess.com"]
[Source "ChessBase"]
[SourceQuality "1"]
[TimeControl "40/5400+30:1800+30"]

1. c4 Nf6 2. Nc3 g6 3. e4 d6 4. d4 Bg7 5. Be2 c6 6. Nf3 O-O 7. O-O Bg4 8. Be3 Nbd7 9. Ne1 Bxe2 10. Qxe2 c5 11. dxc5 dxc5 12. Rd1 Qc8 13. f4 e6 14. e5 Ne8 15. Rxd7 Qxd7 16. Bxc5 Rc8 17. Bxf8 Bxf8 18. Nf3 Bb4 19. Ne4 Qc6 20. b3 Rd8 21. h3 h5 22. Kh2 Kg7 23. g4 hxg4 24. hxg4 Be7 25. Kg3 Nc7 26. Rh1 Rh8 27. Rxh8 Kxh8 28. g5 Ne8 29. Nf6 Nxf6 30. gxf6 Bb4 31. a3 Bxa3 32. Qh2+ Kg8 33. Ng5 1-0

[Event "Marienbad IM-I 2022"]
[Site "Marianske Lazne"]
[Date "2022.01.19"]
[Round "6.12"]
[White "Bracker, Arne"]
[Black "Jurek, Josef"]
[Result "1-0"]
[ECO "C03"]
[WhiteElo "2268"]
[BlackElo "2207"]
[Annotator "ChessBase"]
[PlyCount "55"]
[EventDate "2022.01.15"]
[EventType "tourn"]
[EventCountry "CZE"]
[SourceTitle "playchess.com"]
[Source "ChessBase"]
[SourceQuality "1"]
[TimeControl "40/5400+30:1800+30"]

1. e4 e6 2. d4 d5 3. Nd2 Be7 4. Ngf3 Nf6 5. e5 Nfd7 6. Bd3 c5 7. c3 b6 8. O-O Ba6 9. Ne1 Bxd3 10. Nxd3 Nc6 11. Qg4 g6 12. Nf3 cxd4 13. cxd4 h5 14. Qg3 Nf8 15. h4 Qd7 16. Bd2 Qb7 17. Qf4 a5 18. Rfc1 Rc8 19. a3 a4 20. Rc2 Na5 21. Rxc8+ Qxc8 22. Bxa5 bxa5 23. Ng5 Bxg5 24. Qxg5 Nd7 25. Rc1 Qb7 26. Nf4 Nb6 27. Qf6 O-O 28. Nxh5 1-0

[Event "Marienbad IM-I 2022"]
[Site "Marianske Lazne"]
[Date "2022.01.19"]
[Round "6.14"]
[White "Ricken, Katharina"]
[Black "Gnojek, Petr"]
[Result "0-1"]
[ECO "A05"]
[WhiteElo "2004"]
[BlackElo "2257"]
[Annotator "ChessBase"]
[PlyCount "86"]
[EventDate "2022.01.15"]
[EventType "tourn"]
[EventCountry "CZE"]
[SourceTitle "playchess.com"]
[Source "ChessBase"]
[SourceQuality "1"]
[TimeControl "40/5400+30:1800+30"]

1. Nf3 Nf6 2. g3 g6 3. b3 Bg7 4. Bb2 c5 5. c4 d6 6. Bg2 e5 7. d3 O-O 8. Nc3 Nc6 9. O-O a6 10. Ne1 Bd7 11. Nc2 Rb8 12. Ne3 b5 13. Ned5 Nxd5 14. Nxd5 f5 15. e3 Be6 16. Qd2 Ne7 17. f4 Qd7 18. Rae1 Rbe8 19. Re2 Nxd5 20. cxd5 Bf7 21. e4 Re7 22. fxe5 Bxe5 23. Bh3 Qe8 24. Ref2 Bxb2 25. Qxb2 Re5 26. Qd2 Qe7 27. Qh6 Re8 28. g4 Qf8 29. Qxf8+ Kxf8 30. gxf5 g5 31. f6 c4 32. Bf5 cxd3 33. Bxh7 Rc8 34. Rd2 Bh5 35. Kf2 Be2 36. Rg1 Kf7 37. Bf5 Rh8 38. Rxg5 Rxh2+ 39. Ke3 Rh6 40. Rg7+ Kf8 41. Bg4 Rxf6 42. Bxe2 dxe2 43. Rg1 Rf1 0-1

[Event "Marienbad IM-I 2022"]
[Site "Marianske Lazne"]
[Date "2022.01.20"]
[Round "7.15"]
[White "Mantovani, Renzo"]
[Black "Bracker, Arne"]
[Result "0-1"]
[ECO "A06"]
[WhiteElo "2272"]
[BlackElo "2268"]
[Annotator "RC"]
[PlyCount "96"]
[EventDate "2022.01.15"]
[EventType "tourn"]
[EventCountry "CZE"]
[SourceTitle "playchess.com"]
[Source "ChessBase"]
[SourceQuality "1"]
[TimeControl "40/5400+30:1800+30"]

1. Nf3 d5 2. g3 Nf6 3. Bg2 e6 4. O-O Be7 5. d3 O-O 6. Nbd2 Nc6 7. e4 dxe4 8. dxe4 b6 9. Re1 Bb7 10. c3 Nd7 11. Qc2 Nc5 12. Bf1 a5 13. Nb3 Nxb3 14. axb3 Bc5 15. Bg5 Qe8 16. Bb5 h6 17. Be3 Qe7 18. Rad1 Rfd8 19. Qe2 Rxd1 20. Rxd1 Bxe3 21. Qxe3 Rd8 22. Rxd8+ Qxd8 23. Bxc6 Bxc6 24. Qd2 Qa8 25. Ne5 Bxe4 26. f3 Qd5 27. Qf4 Bf5 28. g4 g5 29. Qe3 Bc2 30. c4 Qd1+ 31. Kf2 Bxb3 32. Kg3 Bc2 33. h4 f6 34. Nd3 gxh4+ 35. Kxh4 Qxd3 36. Qxe6+ Kf8 37. Qxf6+ Ke8 38. Qxh6 Qxf3 39. Qh8+ Qf8 40. Qc3 Qh6+ 41. Kg3 Qd6+ 42. Kf2 Qf4+ 43. Ke1 Be4 44. c5 b5 45. c6 b4 46. Qh8+ Ke7 47. Qd4 Qg3+ 48. Kd2 Qd6 0-1

[Event "Marienbad IM-I 2022"]
[Site "Marianske Lazne"]
[Date "2022.01.22"]
[Round "9.14"]
[White "Mantovani, Renzo"]
[Black "Ricken, Katharina"]
[Result "0-1"]
[ECO "B34"]
[WhiteElo "2272"]
[BlackElo "2004"]
[Annotator "ChessBase"]
[PlyCount "110"]
[EventDate "2022.01.15"]
[EventType "tourn"]
[EventCountry "CZE"]
[SourceTitle "playchess.com"]
[Source "ChessBase"]
[SourceQuality "1"]
[TimeControl "40/5400+30:1800+30"]

1. Nf3 c5 2. e4 g6 3. d4 cxd4 4. Nxd4 Nc6 5. Nc3 Bg7 6. Nb3 Nf6 7. Be2 d6 8. O-O O-O 9. Bg5 b6 10. f4 Bb7 11. Bf3 Nd7 12. Qe1 h6 13. Bh4 Re8 14. Rd1 Qc8 15. Bg4 Ba6 16. Rf2 Qb7 17. e5 Nc5 18. Bf3 Nxb3 19. cxb3 dxe5 20. fxe5 Rad8 21. e6 f5 22. Rfd2 Rxd2 23. Rxd2 Qc8 24. Rd7 g5 25. Bf2 Ne5 26. Qd1 Bf6 27. Bh5 Rf8 28. Qd5 Kg7 29. Rxa7 Rd8 30. Rxe7+ Bxe7 31. Qxe5+ Bf6 32. Qxf5 Bd3 33. Qg4 Rd6 34. Bf7 Bg6 35. Bxg6 Kxg6 36. Qe4+ Kg7 37. e7 Re6 38. Qf5 Re1+ 39. Bxe1 Qxf5 40. e8=N+ Kf8 41. Nxf6 Qxf6 42. h3 Qf4 43. Ne2 Qe4 44. Kf2 Qb1 45. Bc3 Qxa2 46. Nd4 Kf7 47. g4 Kg6 48. b4 Qb1 49. Kg2 Qe4+ 50. Nf3 Kf7 51. Kg3 Ke6 52. Nd2 Qd3+ 53. Kg2 Kd5 54. Kh2 Qe2+ 55. Kg1 b5 0-1

[Event "Marienbad IM-I 2022"]
[Site "Marianske Lazne"]
[Date "2022.01.22"]
[Round "9.15"]
[White "Bracker, Arne"]
[Black "Smolik, Jachym"]
[Result "1/2-1/2"]
[ECO "B10"]
[WhiteElo "2268"]
[BlackElo "2244"]
[Annotator "ChessBase"]
[PlyCount "80"]
[EventDate "2022.01.15"]
[EventType "tourn"]
[EventCountry "CZE"]
[SourceTitle "playchess.com"]
[Source "ChessBase"]
[SourceQuality "1"]
[TimeControl "40/5400+30:1800+30"]

1. e4 c6 2. Nc3 d5 3. Nf3 dxe4 4. Nxe4 Nf6 5. Qe2 Nxe4 6. Qxe4 Qa5 7. Qf4 Qf5 8. d3 Qxf4 9. Bxf4 f6 10. d4 Bf5 11. O-O-O e6 12. Bc4 g5 13. Bg3 Nd7 14. Rhe1 Kf7 15. h4 g4 16. Ng1 Nb6 17. Bd3 Bxd3 18. Rxd3 Nd5 19. a3 b5 20. Ne2 Bh6+ 21. Kb1 a5 22. Bd6 Rhd8 23. Bc5 Rd7 24. g3 f5 25. Red1 Rb8 26. Nc3 Nf6 27. b4 a4 28. Re1 Rbd8 29. Bb6 Re8 30. Bc5 Rb7 31. Bd6 Rd8 32. Be5 Nd7 33. Nd1 Nxe5 34. Rxe5 Rbd7 35. c3 Rd5 36. Re2 Bg7 37. Kc2 h5 38. Ne3 R5d7 39. Rd1 Bh6 40. Ng2 Rd5 1/2-1/2